 Dungeon Sprint DCSS version 0.17.1-3-g152610e (webtiles) character file.

11 hexophile the Ruffian (level 2, 0/29 HPs)
             Began as a Troll Monk on Apr 19, 2016.
             Slain by an ogre
             ... wielding a +0 giant club
              (17 damage)
             ... in the Dungeon (Sprint IX: "|||||||||||||||||||||||||||||").
             The game lasted 00:00:13 (39 turns).

hexophile the Ruffian (Troll Monk)                    Turns: 39, Time: 00:00:13

Health: 0/29       AC:  5    Str: 18    XL:     2   Next: 13%
Magic:  1/1        EV: 10    Int:  6    God:
Gold:   0          SH:  0    Dex: 12    Spells: 0 memorised, 1 level left

rFire  . . .     SeeInvis .       - Unarmed
rCold  . . .     Clarity  .     a - +0 robe
rNeg   . . .     SustAt   .     (no shield)
rPois  .         Gourm    +     (helmet restricted)
rElec  .         Spirit   .     (no cloak)
rCorr  .         Warding  .     (gloves unavailable)
rMut   .         NoTele   +     (boots unavailable)
MR     .....                    (no amulet)
Stlth  +.........               (no ring)
                                (no ring)

@: not resistant to hostile enchantments, very unstealthy
A: unfitting armour, claws 3, fast metabolism 3, gourmand, regeneration 2,
shaggy fur 1, tough skin 2
a: no special abilities


You were in the Dungeon.
You were not hungry.

You visited 1 branch


Innate Abilities, Weirdness & Mutations

You are too large for most types of armour.
You have claws for hands.
Your metabolism is lightning-fast.
You like to eat raw meat.
You heal very quickly.
You are covered in fur (AC +1).
You have very tough skin (AC +2).

Inventory:

Armour
 a - a +0 robe (worn)
Scrolls
 h - a scroll of blinking
Potions
 c - a potion of curing
 d - a potion of heal wounds
 e - a potion of haste
 f - 2 potions of magic
 g - a potion of berserk rage
Comestibles
 r - 2 bread rations


You had one spell level left.
You didn't know any spells.


   Skills:
 - Level 2.4 Fighting
 - Level 2.4 Dodging
 - Level 1.1 Stealth
 + Level 6.0 Unarmed Combat

Dungeon Overview and Level Annotations

Branches:
Dungeon (1/1)

Altars:

Vault maps used:
D:        linesprint
You       could see an ogre and a giant cockroach.


Message History

The giant gecko bites you but does no damage.
You scratch the giant gecko.
The giant gecko is almost dead.
The giant gecko bites you.
You lost 1 HP.
You have now: 21/22 HP.
You closely miss the giant gecko.
The giant gecko is severely wounded.
The giant gecko closely misses you.
You claw the giant gecko!
You kill the giant gecko!
Things that are here:
a club; a hobgoblin corpse You butcher the hobgoblin corpse.
b - a chunk of flesh You see here a club.
There isn't anything to butcher here.
Eating a chunk of flesh.
This raw flesh tastes great.
You continue eating. x2
Eat which item? (? for menu, Esc to quit)
Okay, then.
You open the door.
A giant cockroach, 2 orcs, an ogre and a zombie come into view.
The orc shouts! x2
The ogre shouts!
You claw the giant cockroach zombie!
The giant cockroach zombie bites you but does no damage.
You claw the giant cockroach zombie!
You destroy the giant cockroach zombie!
You claw the orc!
You kill the orc!
You have reached level 2!
You got additional 7 HP.
Restored 7 HP.
You have now: 29/29 HP.
The orc closely misses you.
There is an open door here.
You closely miss the orc. The orc barely misses you.
You closely miss the orc. You claw the orc!
You kill the orc!
Your Unarmed Combat skill increases to level 6!
You scratch the ogre.
The ogre is lightly wounded.
The ogre hits you with a giant club!
You lost 12 HP.
You have now: 17/29 HP.
You scratch the ogre.
The ogre is moderately wounded.
You claw the ogre!
The ogre is heavily wounded.
The ogre hits you with a giant club!
Ouch! That really hurt!
You die...

Action                   || total
-------------------------++-------
Melee: Unarmed           ||    22
  Eat: Chunk             ||     1

Notes
Turn   | Place    | Note
--------------------------------------------------------------
     0 | D        | hexophile the Troll Monk began the quest for the Orb.
     0 | D        | Reached XP level 1. HP: 22/22 MP: 0/0
     6 | D        | Banished a spatial maelstrom
    12 | D        | Reached skill level 5 in Unarmed Combat
    29 | D        | Noticed an ogre
    32 | D        | Reached XP level 2. HP: 29/29 MP: 1/1
    36 | D        | Reached skill level 6 in Unarmed Combat
    39 | D        | Slain by an ogre

Table legend:
 A = Turns spent in this place as a percentage of turns spent in the entire game.
 B = Non-inter-level travel turns spent in this place as a percentage of non-inter-level travel turns spent in the entire game.
 C = Inter-level travel turns spent in this place as a percentage of turns spent in this place.
 D = Turns resting spent in this place as a percentage of non-inter-level travel turns spent in this place.
 E = Turns spent auto-exploring this place as a percentage of non-inter-level travel turns spent in this place.
 F = Non-inter-level travel turns spent in this place divided by the number of levels of this place that you've seen.
                   A       B       C       D       E      F
               +-------+-------+-------+-------+-------+----------------------
         Total | 100.0 | 100.0 |   0.0 |   0.0 |   0.0 |  39.0
       Dungeon | 100.0 | 100.0 |   0.0 |   0.0 |   0.0 |  39.0
               +-------+-------+-------+-------+-------+----------------------

Table legend:
 A = Kills in this place as a percentage of kills in entire the game.
 B = Kills by you in this place as a percentage of kills by you in the entire game.
 C = Kills by friends in this place as a percentage of kills by friends in the entire game.
 D = Other kills in this place as a percentage of other kills in the entire game.
 E = Experience gained in this place as a percentage of experience gained in the entire game.
 F = Experience gained in this place divided by the number of levels of this place that you have seen.
                   A       B       C       D       E      F
               +-------+-------+-------+-------+-------+----------------------
         Total | 100.0 | 100.0 |  -nan |  -nan | 100.0 |  16.0
       Dungeon | 100.0 | 100.0 |  -nan |  -nan | 100.0 |  16.0
               +-------+-------+-------+-------+-------+----------------------

Vanquished Creatures
  A giant gecko (D)
  2 orcs (D)
  2 goblins (D)
  A hobgoblin (D)
  A giant cockroach zombie (D)
  A giant newt (D)
8 creatures vanquished.
